Canadiens vs Kings
(R1)
Created - March 30, 2021 at 19:49
Goals
|
| Canadiens |
2 |
1 |
2 |
5 |
| Kings |
0 |
0 |
2 |
2 |
|
Shots
|
| Canadiens |
9 |
6 |
12 |
27 |
| Kings |
9 |
7 |
6 |
22 |
|
1st period
1. Canadiens , Steve Downie 16 (Cameron Gaunce 12) at 6:41
2. Canadiens , Dustin Boyd 12 (Greg Stewart 31, Travis Hamonic 19) at 17:13
Penalties :
Oliver Ekman-Larsson (LAK) for Holding Stick (Minor) at 2:54, Vitaly Vishnevsky (LAK) for Holding (Minor) at 7:26
2nd period
3. Canadiens , Dave Bolland 16 (Travis Hamonic 20) at 1:11 (SH)
Penalties :
Jordan Szwarz (Mon) for Tripping (Minor) at 1:02, Drew Fata (LAK) for Hooking (Minor) at 1:14, Seth Jones (LAK) for Hooking (Minor) at 8:16, Kristers Gudlevskis (Mon) for Slashing (Double Minor) at 15:13 - Steve Downie served the penalty
3rd period
4. Kings , Mats Zuccarello 12 (Peter Mueller 20) at 1:38
5. Kings , Vitaly Vishnevsky 1 (Gabriel Landeskog 36, Anze Kopitar 47) at 12:21
6. Canadiens , Brady Skjei 9 (Evgeni Malkin 36, Chris Kreider 27) at 13:37
7. Canadiens , Evgeni Malkin 25 (Chris Kreider 28) at 18:55 (PP)
Penalties :
Bryce Lampman (Mon) for Roughing (Minor) at 4:36, Daniel Carcillo (LAK) for Interference (Minor) at 16:23, Seth Jones (LAK) for Diving (Minor) at 18:31, Colton Parayko (LAK) for Holding (Minor) at 18:47, Vitaly Vishnevsky (LAK) for Holding (Minor) at 19:56
Goalie Stats
Kristers Gudlevskis (Mon), 20 saves from 22 shots - (0.909), W, 20-25-8, 60:00 minutes
Tuukka Rask (LAK), 22 saves from 27 shots - (0.815), L, 24-14-7, 60:00 minutes
Players Stats for Canadiens
Player Name G A P +/- PIM S H SB GA TA FO MP PP MP PK MP
------------------------------------------------------------------------------------
Benoit Pouliot 0 0 0 0 0 1 0 0 0 0 0/0 16:29 4:23 1:41
Brady Skjei 1 0 1 0 0 2 1 0 1 0 0/0 22:02 5:34 2:35
Brett Maclean 0 0 0 1 0 2 1 0 0 0 0/0 10:02 0:00 2:49
Bryce Lampman 0 0 0 0 2 0 1 1 1 0 0/0 23:39 4:02 0:34
Cameron Gaunce 0 1 1 1 0 0 0 0 0 0 0/0 14:03 0:00 2:19
Chris Kreider 0 2 2 0 0 6 3 0 0 0 1/1 22:08 5:13 1:40
Dave Bolland 1 0 1 1 0 1 1 0 0 0 5/9 12:53 0:15 2:49
Dustin Boyd 1 0 1 1 0 2 2 0 0 0 4/12 17:42 4:11 2:13
Evgeni Malkin 1 1 2 0 0 3 3 0 1 0 13/27 21:34 5:13 1:08
Greg Stewart 0 1 1 1 0 3 0 2 0 0 0/0 11:39 0:00 0:00
Jordan Szwarz 0 0 0 0 2 1 3 0 0 0 0/0 9:50 0:12 0:00
Mark Stuart 0 0 0 1 0 0 0 1 0 0 0/0 21:19 4:14 3:14
Nick Spaling 0 0 0 0 0 0 2 0 0 0 2/3 7:13 0:00 0:00
Philip Larsen 0 0 0 1 0 0 0 0 0 0 0/0 12:36 0:00 0:37
Pierre-Marc Bouchard 0 0 0 0 0 1 0 1 0 0 0/0 7:13 0:00 0:00
Steve Downie 1 0 1 1 0 1 0 1 0 0 1/1 16:12 5:13 0:00
Tom Wilson 0 0 0 0 0 3 0 0 0 0 1/3 19:07 4:08 0:00
Travis Hamonic 0 2 2 1 0 1 2 2 0 0 0/0 26:20 5:22 3:01
Players Stats for Kings
Player Name G A P +/- PIM S H SB GA TA FO MP PP MP PK MP
------------------------------------------------------------------------------------
Anze Kopitar 0 1 1 -3 0 4 3 1 0 0 19/36 25:53 3:07 5:26
Colton Parayko 0 0 0 0 2 2 2 0 0 0 0/0 19:57 2:15 3:31
Daniel Carcillo 0 0 0 0 2 0 2 0 0 0 0/1 12:28 0:43 1:05
David Pastrnak 0 0 0 0 0 0 0 0 0 0 0/1 11:04 0:47 0:00
Drew Fata 0 0 0 -1 2 0 1 3 0 1 0/0 27:18 3:21 5:50
Eric Gryba 0 0 0 -1 0 1 0 1 0 0 0/0 12:16 0:33 0:00
Eric Nystrom 0 0 0 0 0 1 0 0 0 0 0/0 6:29 0:03 1:20
Gabriel Landeskog 0 1 1 -3 0 2 0 2 0 1 2/2 22:44 3:07 5:15
Kyle Okposo 0 0 0 -3 0 0 1 0 0 0 0/0 20:47 2:59 2:50
Lars Eller 0 0 0 0 0 0 0 0 0 0 1/1 3:16 0:43 0:00
Mats Zuccarello 1 0 1 1 0 4 4 0 0 0 0/0 15:14 2:21 0:00
Nathan MacKinnon 0 0 0 0 0 1 1 0 0 0 2/5 10:06 0:00 0:00
Oliver Ekman-Larsson 0 0 0 -1 2 1 1 0 0 0 0/0 27:20 3:22 4:58
Peter Mueller 0 1 1 1 0 1 1 0 0 0 4/8 15:13 2:20 0:00
Sean Monahan 0 0 0 0 0 0 0 0 0 0 0/1 4:56 0:00 0:00
Seth Jones 0 0 0 -1 4 1 0 0 0 0 0/0 13:57 0:33 2:01
Tyler Toffoli 0 0 0 1 0 3 0 0 0 0 1/1 19:29 2:20 3:05
Vitaly Vishnevsky 1 0 1 0 4 1 2 1 0 1 0/0 19:51 2:15 2:50
3 Stars
1 - Evgeni Malkin (Mon)
2 - Travis Hamonic (Mon)
3 - Dustin Boyd (Mon)
Power Play
Canadiens - 1 on 8 Attempt(s) - 12.50%
Kings - 0 on 3 Attempt(s) - 0.00%
Penalty Kill
Canadiens - 3 on 3 Attempt(s) - 100.00%
- Score 1 goal in Penalty Kill
Kings - 7 on 8 Attempt(s) - 87.50%
- Score 0 goal in Penalty Kill
Team Stat
Canadiens - Hits : 19 - Faceoff Wins : 27 - Blocked Shots : 8 - Penalty Minutes : 8
Kings - Hits : 18 - Faceoff Wins : 29 - Blocked Shots : 8 - Penalty Minutes : 16
Official
Referees : Unknown
Linesman : Unknown
Game Notes
No Game Note
Finance
Level 1 -- Attendance: 6000 (100.00%) -- Ticket Income $600,000
Level 2 -- Attendance: 5000 (100.00%) -- Ticket Income $300,000
Level 3 -- Attendance: 1791 (89.55%) -- Ticket Income $53,730
Level 4 -- Attendance: 3566 (89.15%) -- Ticket Income $71,320
Luxury Box -- Attendance: 1000 (100.00%) -- Ticket Income $175,000
Game was played at the Staples Center.
Total Attendance: 17357 (96.43%)
Total Ticket Income: $1,200,050
Other Income: $180,008
Total Income: $1,380,058
Canadiens
5 vs 5 Forward
Center Left Wing Right Wing Time % Phy DF OF
1 Evgeni Malkin Chris Kreider Tom Wilson 40 0 1 4
2 Dustin Boyd Greg Stewart Steve Downie 30 0 2 3
3 Dave Bolland Benoit Pouliot Jordan Szwarz 20 0 2 3
4 Nick Spaling Brett Maclean Pierre-Marc Bouchard 10 0 2 2
5 vs 5 Defense
Defense Defense Time % Phy DF OF
1 Travis Hamonic Bryce Lampman 40 1 2 2
2 Mark Stuart Brady Skjei 30 1 2 2
3 Philip Larsen Cameron Gaunce 20 1 2 2
4 Travis Hamonic Bryce Lampman 10 1 2 2
PowerPlay Forward
Center Left Wing Right Wing Time % Phy DF OF
1 Evgeni Malkin Chris Kreider Steve Downie 60 0 0 5
2 Dustin Boyd Benoit Pouliot Tom Wilson 40 0 0 5
PowerPlay Defense
Defense Defense Time % Phy DF OF
1 Travis Hamonic Brady Skjei 60 0 1 4
2 Mark Stuart Bryce Lampman 40 0 1 4
Penalty Kill 4 Players Forward
Center Wing Time % Phy DF OF
1 Dave Bolland Brett Maclean 60 1 2 2
2 Dustin Boyd Chris Kreider 40 1 2 2
Penalty Kill 4 Players Defense
Defense Defense Time % Phy DF OF
1 Mark Stuart Travis Hamonic 60 1 2 2
2 Cameron Gaunce Brady Skjei 40 1 2 2
Penalty Kill - 3 Players Forward
Forward Time % Phy DF OF
1 Nick Spaling 60 1 2 2
2 Dustin Boyd 40 1 2 2
Penalty Kill - 3 Players Defense
Defense Defense Time % Phy DF OF
1 Travis Hamonic Philip Larsen 60 1 2 2
2 Mark Stuart Bryce Lampman 40 1 2 2
4 vs 4 Forward
Center Wing Time % Phy DF OF
1 Evgeni Malkin Chris Kreider 60 1 2 2
2 Benoit Pouliot Greg Stewart 40 1 2 2
4 vs 4 Defense
Defense Defense Time % Phy DF OF
1 Travis Hamonic Bryce Lampman 60 1 2 2
2 Mark Stuart Brady Skjei 40 1 2 2
Last Minutes Offensive
Center Left Wing Right Wing Defense Defense
Evgeni Malkin Chris Kreider Steve Downie Travis Hamonic Bryce Lampman
Last Minutes Defensive
Center Left Wing Right Wing Defense Defense
Evgeni Malkin Chris Kreider Steve Downie Travis Hamonic Bryce Lampman
Goaltenders
Starting : Kristers Gudlevskis
Backup : Allen York
Extra Forwards
Normal : Evgeni Malkin, Greg Stewart, Tom Wilson - PP : Evgeni Malkin, Dave Bolland - PK : Brett Maclean
Extra Defensemen
Normal : Brady Skjei, Travis Hamonic, Mark Stuart - PP : Brady Skjei - PK : Cameron Gaunce, Mark Stuart
Penalty Shots
Evgeni Malkin, Chris Kreider, Benoit Pouliot, Greg Stewart, Steve Downie
Scratches
Nikolai Zherdev (Healthy), Viktor Stalberg (Healthy)
Kings
5 vs 5 Forward
Center Left Wing Right Wing Time % Phy DF OF
1 Anze Kopitar Gabriel Landeskog Kyle Okposo 40 1 2 2
2 Peter Mueller Tyler Toffoli Mats Zuccarello 30 1 2 2
3 Nathan MacKinnon Daniel Carcillo David Pastrnak 20 1 2 2
4 Sean Monahan Eric Nystrom Anze Kopitar 10 1 2 2
5 vs 5 Defense
Defense Defense Time % Phy DF OF
1 Oliver Ekman-Larsson Drew Fata 40 1 2 2
2 Colton Parayko Vitaly Vishnevsky 30 1 2 2
3 Eric Gryba Seth Jones 20 1 2 2
4 Oliver Ekman-Larsson Drew Fata 10 1 2 2
PowerPlay Forward
Center Left Wing Right Wing Time % Phy DF OF
1 Anze Kopitar Gabriel Landeskog Kyle Okposo 60 1 2 2
2 Peter Mueller Tyler Toffoli Mats Zuccarello 40 1 2 2
PowerPlay Defense
Defense Defense Time % Phy DF OF
1 Oliver Ekman-Larsson Drew Fata 60 1 2 2
2 Colton Parayko Vitaly Vishnevsky 40 1 2 2
Penalty Kill 4 Players Forward
Center Wing Time % Phy DF OF
1 Anze Kopitar Gabriel Landeskog 60 1 2 2
2 Tyler Toffoli Kyle Okposo 40 1 2 2
Penalty Kill 4 Players Defense
Defense Defense Time % Phy DF OF
1 Oliver Ekman-Larsson Drew Fata 60 1 2 2
2 Colton Parayko Vitaly Vishnevsky 40 1 2 2
Penalty Kill - 3 Players Forward
Forward Time % Phy DF OF
1 Anze Kopitar 60 1 2 2
2 Gabriel Landeskog 40 1 2 2
Penalty Kill - 3 Players Defense
Defense Defense Time % Phy DF OF
1 Oliver Ekman-Larsson Drew Fata 60 1 2 2
2 Colton Parayko Vitaly Vishnevsky 40 1 2 2
4 vs 4 Forward
Center Wing Time % Phy DF OF
1 Anze Kopitar Gabriel Landeskog 60 1 2 2
2 Tyler Toffoli Kyle Okposo 40 1 2 2
4 vs 4 Defense
Defense Defense Time % Phy DF OF
1 Oliver Ekman-Larsson Drew Fata 60 1 2 2
2 Colton Parayko Vitaly Vishnevsky 40 1 2 2
Last Minutes Offensive
Center Left Wing Right Wing Defense Defense
Anze Kopitar Gabriel Landeskog Kyle Okposo Oliver Ekman-Larsson Drew Fata
Last Minutes Defensive
Center Left Wing Right Wing Defense Defense
Anze Kopitar Gabriel Landeskog Kyle Okposo Oliver Ekman-Larsson Drew Fata
Goaltenders
Starting : Tuukka Rask
Backup : Martin Jones
Extra Forwards
Normal : Lars Eller, Daniel Carcillo, Eric Nystrom - PP : Lars Eller, Daniel Carcillo - PK : Eric Nystrom
Extra Defensemen
Normal : Eric Gryba, Seth Jones, Colton Parayko - PP : Eric Gryba - PK : Seth Jones, Colton Parayko
Penalty Shots
Anze Kopitar, Gabriel Landeskog, Tyler Toffoli, Kyle Okposo, Peter Mueller
Scratches
Mark Stone (Healthy), Spencer Machacek (Healthy)
% Time on Ice - Canadiens
Lines # - Real PCT - Wanted PCT - Time Play
Normal Forward
1 - 34% - 40% - 14:36
2 - 27% - 30% - 11:16
3 - 22% - 20% - 9:22
4 - 17% - 10% - 7:13
Normal Defense
1 - 40% - 40% - 16:52
2 - 31% - 30% - 13:16
3 - 28% - 20% - 11:44
4 - 1% - 10% - 0:35
PP Forward
1 - 56% - 60% - 5:25
2 - 44% - 40% - 4:11
PP Defense
1 - 56% - 60% - 5:22
2 - 44% - 40% - 4:14
PK Forward
1 - 87% - 60% - 5:21
2 - 13% - 40% - 0:49
PK Defense
1 - 62% - 60% - 3:51
2 - 38% - 40% - 2:19
PK3 Forward
1 - 0% - 60%
2 - 0% - 40%
PK3 Defense
1 - 0% - 60%
2 - 0% - 40%
44 Forward
1 - 83% - 60% - 1:29
2 - 17% - 40% - 0:18
44 Defense
1 - 69% - 60% - 1:14
2 - 31% - 40% - 0:33
Last Minute Offensive - 0:00
Last Minute Defensive - 0:00
Total
Forward - 60:00
Defense - 60:00
|
% Time on Ice - Kings
Lines # - Real PCT - Wanted PCT - Time Play
Normal Forward
1 - 32% - 40% - 13:42
2 - 32% - 30% - 13:43
3 - 24% - 20% - 10:06
4 - 12% - 10% - 4:56
Normal Defense
1 - 41% - 40% - 17:24
2 - 32% - 30% - 13:25
3 - 25% - 20% - 10:40
4 - 2% - 10% - 0:58
PP Forward
1 - 60% - 60% - 3:41
2 - 40% - 40% - 2:29
PP Defense
1 - 64% - 60% - 3:55
2 - 36% - 40% - 2:15
PK Forward
1 - 70% - 60% - 6:35
2 - 30% - 40% - 2:50
PK Defense
1 - 60% - 60% - 5:38
2 - 40% - 40% - 3:47
PK3 Forward
1 - 100% - 60% - 0:11
2 - 0% - 40% - 0:00
PK3 Defense
1 - 100% - 60% - 0:11
2 - 0% - 40% - 0:00
44 Forward
1 - 76% - 60% - 1:21
2 - 24% - 40% - 0:26
44 Defense
1 - 57% - 60% - 1:01
2 - 43% - 40% - 0:46
Last Minute Offensive - 0:00
Last Minute Defensive - 0:00
Total
Forward - 60:00
Defense - 60:00
|
Play-by-Play
1st period
0:01 of 1st period - Evgeni Malkin wins face-off versus Anze Kopitar in neutral zone.
0:04 of 1st period - Slapshot by Evgeni Malkin.
0:04 of 1st period - Stopped by Tuukka Rask with a rebound.
1:18 of 1st period - Colton Parayko is hit by Nick Spaling and loses puck.
1:23 of 1st period - Snap shot by Pierre-Marc Bouchard.
1:23 of 1st period - Stopped by Tuukka Rask with a rebound.
2:30 of 1st period - Icing by Brady Skjei.
2:31 of 1st period - Anze Kopitar wins face-off versus Evgeni Malkin in Canadiens zone.
2:46 of 1st period - Slapshot by Tom Wilson.
2:46 of 1st period - Stopped by Tuukka Rask without a rebound.
2:47 of 1st period - Dustin Boyd wins face-off versus Peter Mueller in Kings zone.
2:52 of 1st period - Snap shot by Greg Stewart.
2:52 of 1st period - Stopped by Tuukka Rask with a rebound.
2:54 of 1st period - Minor Penalty to Oliver Ekman-Larsson for Holding Stick.
2:55 of 1st period - Evgeni Malkin wins face-off versus Anze Kopitar in Kings zone.
4:54 of 1st period - Penalty to Oliver Ekman-Larsson is over, Oliver Ekman-Larsson is back on ice.
5:00 of 1st period - Seth Jones is hit by Brett Maclean and loses puck.
6:04 of 1st period - Benoit Pouliot is hit by Mats Zuccarello.
6:25 of 1st period - Daniel Carcillo is hit by Evgeni Malkin and loses puck.
6:41 of 1st period - Wrist shot by Steve Downie.
6:41 of 1st period - Goal by Steve Downie - Canadiens : 1 - Kings : 0.
6:42 of 1st period - Evgeni Malkin wins face-off versus Anze Kopitar in neutral zone.
7:26 of 1st period - Minor Penalty to Vitaly Vishnevsky for Holding.
7:27 of 1st period - Anze Kopitar wins face-off versus Evgeni Malkin in Kings zone.
7:27 of 1st period - Anze Kopitar is hit by Evgeni Malkin.
7:53 of 1st period - Oliver Ekman-Larsson is hit by Travis Hamonic and loses puck.
8:48 of 1st period - Colton Parayko is hit by Chris Kreider and loses puck.
9:26 of 1st period - Penalty to Vitaly Vishnevsky is over, Vitaly Vishnevsky is back on ice.
9:58 of 1st period - Jordan Szwarz is hit by Nathan MacKinnon and loses puck.
11:31 of 1st period - Jordan Szwarz is hit by Anze Kopitar and loses puck.
11:55 of 1st period - Brady Skjei is hit by Anze Kopitar and loses puck.
12:55 of 1st period - Mats Zuccarello is hit by Chris Kreider.
13:05 of 1st period - Snap shot by Sean Monahan.
13:05 of 1st period - Shot Misses the Net.
13:21 of 1st period - Slapshot by David Pastrnak.
13:21 of 1st period - Deflect By Nathan MacKinnon.
13:21 of 1st period - Stopped by Kristers Gudlevskis with a rebound.
13:23 of 1st period - Slapshot by Eric Gryba.
13:23 of 1st period - Stopped by Kristers Gudlevskis with a rebound.
13:39 of 1st period - Slapshot by Evgeni Malkin.
13:39 of 1st period - Shot Misses the Net.
14:03 of 1st period - Mark Stuart is hit by Daniel Carcillo and loses puck.
14:36 of 1st period - Mark Stuart is hit by Mats Zuccarello and loses puck.
14:51 of 1st period - Wrist shot by Nick Spaling.
14:51 of 1st period - Deflect By Brett Maclean.
14:51 of 1st period - Shot Misses the Net.
14:51 of 1st period - Puck is out of play.
14:52 of 1st period - Evgeni Malkin wins face-off versus David Pastrnak in Kings zone.
15:18 of 1st period - Slapshot by Jordan Szwarz.
15:18 of 1st period - Stopped by Tuukka Rask without a rebound.
15:19 of 1st period - Peter Mueller wins face-off versus Dave Bolland in Kings zone.
15:30 of 1st period - Wrist shot by Tyler Toffoli.
15:30 of 1st period - Stopped by Kristers Gudlevskis with a rebound.
15:38 of 1st period - Wrist shot by Mats Zuccarello.
15:38 of 1st period - Stopped by Kristers Gudlevskis with a rebound.
15:58 of 1st period - Slapshot by Peter Mueller.
15:58 of 1st period - Stopped by Kristers Gudlevskis without a rebound.
15:59 of 1st period - Evgeni Malkin wins face-off versus Anze Kopitar in Canadiens zone.
16:06 of 1st period - Slapshot by Evgeni Malkin.
16:06 of 1st period - Shot Misses the Net.
16:08 of 1st period - Snap shot by Evgeni Malkin.
16:08 of 1st period - Deflect By Anze Kopitar.
16:08 of 1st period - Shot Misses the Net.
16:08 of 1st period - Puck is out of play.
16:09 of 1st period - Anze Kopitar wins face-off versus Evgeni Malkin in Kings zone.
16:32 of 1st period - Snap shot by Kyle Okposo.
16:32 of 1st period - Shot Misses the Net.
16:44 of 1st period - Backhand shot by Brady Skjei.
16:44 of 1st period - Deflect By Chris Kreider.
16:44 of 1st period - Stopped by Tuukka Rask without a rebound.
16:45 of 1st period - Dustin Boyd wins face-off versus Peter Mueller in Kings zone.
16:46 of 1st period - Snap shot by Greg Stewart.
16:46 of 1st period - Shot Blocked by Vitaly Vishnevsky.
16:56 of 1st period - Snap shot by Peter Mueller.
16:56 of 1st period - Deflect By Tyler Toffoli.
16:56 of 1st period - Shot Blocked by Greg Stewart.
16:56 of 1st period - Puck is out of play.
16:57 of 1st period - Anze Kopitar wins face-off versus Dustin Boyd in Canadiens zone.
17:00 of 1st period - Snap shot by Kyle Okposo.
17:00 of 1st period - Deflect By Anze Kopitar.
17:00 of 1st period - Stopped by Kristers Gudlevskis without a rebound.
17:01 of 1st period - Dustin Boyd wins face-off versus Anze Kopitar in Canadiens zone.
17:01 of 1st period - Dustin Boyd is hit by Kyle Okposo.
17:13 of 1st period - Wrist shot by Dustin Boyd.
17:13 of 1st period - Goal by Dustin Boyd - Canadiens : 2 - Kings : 0.
17:14 of 1st period - Evgeni Malkin wins face-off versus Anze Kopitar in neutral zone.
17:21 of 1st period - Off-side.
17:22 of 1st period - Evgeni Malkin wins face-off versus Anze Kopitar in neutral zone.
17:25 of 1st period - Wrist shot by Tom Wilson.
17:25 of 1st period - Shot Misses the Net.
17:31 of 1st period - Wrist shot by Chris Kreider.
17:31 of 1st period - Shot Blocked by Gabriel Landeskog.
17:33 of 1st period - Wrist shot by Chris Kreider.
17:33 of 1st period - Stopped by Tuukka Rask without a rebound.
17:34 of 1st period - Anze Kopitar wins face-off versus Evgeni Malkin in Kings zone.
18:45 of 1st period - Snap shot by Anze Kopitar.
18:45 of 1st period - Shot Misses the Net.
18:47 of 1st period - Snap shot by Sean Monahan.
18:47 of 1st period - Shot Misses the Net.
18:49 of 1st period - Wrist shot by Anze Kopitar.
18:49 of 1st period - Stopped by Kristers Gudlevskis with a rebound.
18:51 of 1st period - Snap shot by Eric Nystrom.
18:51 of 1st period - Stopped by Kristers Gudlevskis with a rebound.
18:53 of 1st period - Slapshot by Colton Parayko.
18:53 of 1st period - Deflect By Greg Stewart.
18:53 of 1st period - Stopped by Kristers Gudlevskis without a rebound.
18:54 of 1st period - Evgeni Malkin wins face-off versus Anze Kopitar in Canadiens zone.
18:54 of 1st period - Evgeni Malkin is hit by Anze Kopitar.
19:19 of 1st period - Icing by Drew Fata.
19:20 of 1st period - Dave Bolland wins face-off versus Daniel Carcillo in Kings zone.
Goals for this period are 2 for Canadiens vs 0 for Kings.
Shots for this period are 9 for Canadiens vs 9 for Kings.
2nd period
0:01 of 2nd period - Anze Kopitar wins face-off versus Evgeni Malkin in neutral zone.
0:46 of 2nd period - Oliver Ekman-Larsson is hit by Jordan Szwarz.
0:49 of 2nd period - David Pastrnak is hit by Jordan Szwarz and loses puck.
1:02 of 2nd period - Minor Penalty to Jordan Szwarz for Tripping.
1:03 of 2nd period - Dave Bolland wins face-off versus Anze Kopitar in Canadiens zone.
1:03 of 2nd period - Dave Bolland is hit by Colton Parayko.
1:11 of 2nd period - Slapshot by Dave Bolland.
1:11 of 2nd period - Goal by Dave Bolland - Canadiens : 3 - Kings : 0.
1:12 of 2nd period - Anze Kopitar wins face-off versus Dave Bolland in neutral zone.
1:14 of 2nd period - Minor Penalty to Drew Fata for Hooking.
1:15 of 2nd period - Anze Kopitar wins face-off versus Evgeni Malkin in Kings zone.
1:15 of 2nd period - Anze Kopitar is hit by Chris Kreider.
2:07 of 2nd period - Wrist shot by Tyler Toffoli.
2:07 of 2nd period - Shot Blocked by Travis Hamonic.
2:09 of 2nd period - Slapshot by Colton Parayko.
2:09 of 2nd period - Stopped by Kristers Gudlevskis with a rebound.
2:13 of 2nd period - Wrist shot by Tyler Toffoli.
2:13 of 2nd period - Shot Blocked by Greg Stewart.
3:02 of 2nd period - Penalty to Jordan Szwarz is over, Jordan Szwarz is back on ice.
3:03 of 2nd period - Slapshot by Kyle Okposo.
3:03 of 2nd period - Shot Misses the Net.
3:05 of 2nd period - Snap shot by Seth Jones.
3:05 of 2nd period - Shot Blocked by Mark Stuart.
3:14 of 2nd period - Penalty to Drew Fata is over, Drew Fata is back on ice.
3:30 of 2nd period - Slapshot by Seth Jones.
3:30 of 2nd period - Stopped by Kristers Gudlevskis without a rebound.
3:31 of 2nd period - Nathan MacKinnon wins face-off versus Dustin Boyd in Canadiens zone.
3:42 of 2nd period - Wrist shot by Greg Stewart.
3:42 of 2nd period - Stopped by Tuukka Rask with a rebound.
4:19 of 2nd period - Snap shot by Mats Zuccarello.
4:19 of 2nd period - Stopped by Kristers Gudlevskis with a rebound.
4:58 of 2nd period - Anze Kopitar is hit by Jordan Szwarz and loses puck.
5:29 of 2nd period - Wrist shot by Tyler Toffoli.
5:29 of 2nd period - Stopped by Kristers Gudlevskis with a rebound.
5:45 of 2nd period - Slapshot by Eric Nystrom.
5:45 of 2nd period - Deflect By Sean Monahan.
5:45 of 2nd period - Deflect By Nick Spaling.
5:45 of 2nd period - Shot Blocked by Pierre-Marc Bouchard.
5:45 of 2nd period - Puck is out of play.
5:46 of 2nd period - Nick Spaling wins face-off versus Sean Monahan in Canadiens zone.
6:11 of 2nd period - Slapshot by Evgeni Malkin.
6:11 of 2nd period - Shot Misses the Net.
6:57 of 2nd period - Off-side.
6:58 of 2nd period - Peter Mueller wins face-off versus Dustin Boyd in neutral zone.
7:33 of 2nd period - Snap shot by Benoit Pouliot.
7:33 of 2nd period - Stopped by Tuukka Rask without a rebound.
7:34 of 2nd period - Dustin Boyd wins face-off versus Anze Kopitar in Kings zone.
7:37 of 2nd period - Wrist shot by Steve Downie.
7:37 of 2nd period - Shot Misses the Net.
7:43 of 2nd period - Snap shot by Dustin Boyd.
7:43 of 2nd period - Shot Misses the Net.
7:45 of 2nd period - Wrist shot by Philip Larsen.
7:45 of 2nd period - Shot Misses the Net.
7:47 of 2nd period - Snap shot by Cameron Gaunce.
7:47 of 2nd period - Shot Misses the Net.
7:49 of 2nd period - Slapshot by Dustin Boyd.
7:49 of 2nd period - Shot Misses the Net.
7:59 of 2nd period - Cameron Gaunce is hit by Vitaly Vishnevsky.
8:16 of 2nd period - Minor Penalty to Seth Jones for Hooking.
8:17 of 2nd period - Anze Kopitar wins face-off versus Evgeni Malkin in Kings zone.
8:48 of 2nd period - Slapshot by Benoit Pouliot.
8:48 of 2nd period - Deflect By Tom Wilson.
8:48 of 2nd period - Stopped by Tuukka Rask without a rebound.
8:49 of 2nd period - Tyler Toffoli wins face-off versus Evgeni Malkin in Kings zone.
9:38 of 2nd period - Oliver Ekman-Larsson is hit by Dustin Boyd.
10:16 of 2nd period - Penalty to Seth Jones is over, Seth Jones is back on ice.
10:55 of 2nd period - Icing by Seth Jones.
10:56 of 2nd period - Dave Bolland wins face-off versus Peter Mueller in Kings zone.
11:14 of 2nd period - Icing by Eric Gryba.
11:15 of 2nd period - Anze Kopitar wins face-off versus Tom Wilson in Kings zone.
11:30 of 2nd period - Slapshot by Chris Kreider.
11:30 of 2nd period - Deflect By Evgeni Malkin.
11:30 of 2nd period - Shot Blocked by Eric Gryba.
11:30 of 2nd period - Puck is out of play.
11:31 of 2nd period - Anze Kopitar wins face-off versus Dustin Boyd in Kings zone.
11:40 of 2nd period - Snap shot by Gabriel Landeskog.
11:40 of 2nd period - Stopped by Kristers Gudlevskis with a rebound.
12:00 of 2nd period - Chris Kreider is hit by Oliver Ekman-Larsson and loses puck.
12:05 of 2nd period - Snap shot by Mats Zuccarello.
12:05 of 2nd period - Stopped by Kristers Gudlevskis without a rebound.
12:06 of 2nd period - Chris Kreider wins face-off versus Nathan MacKinnon in Canadiens zone.
12:06 of 2nd period - Chris Kreider is hit by Daniel Carcillo.
13:40 of 2nd period - Eric Nystrom is hit by Dave Bolland and loses puck.
14:22 of 2nd period - Icing by Travis Hamonic.
14:23 of 2nd period - Nick Spaling wins face-off versus Nathan MacKinnon in Canadiens zone.
14:23 of 2nd period - Nick Spaling is hit by Vitaly Vishnevsky.
15:13 of 2nd period - Snap shot by Tyler Toffoli.
15:13 of 2nd period - Stopped by Kristers Gudlevskis without a rebound.
15:13 of 2nd period - Double Minor Penalty to Kristers Gudlevskis for Slashing.
15:14 of 2nd period - Dave Bolland wins face-off versus Anze Kopitar in Canadiens zone.
16:05 of 2nd period - Snap shot by Dustin Boyd.
16:05 of 2nd period - Stopped by Tuukka Rask with a rebound.
16:07 of 2nd period - Slapshot by Chris Kreider.
16:07 of 2nd period - Stopped by Tuukka Rask with a rebound.
16:09 of 2nd period - Slapshot by Brady Skjei.
16:09 of 2nd period - Shot Blocked by Drew Fata.
18:49 of 2nd period - Philip Larsen is hit by Mats Zuccarello and loses puck.
19:13 of 2nd period - Penalty to Steve Downie is over, Steve Downie is back on ice.
19:20 of 2nd period - Colton Parayko is hit by Nick Spaling.
19:39 of 2nd period - David Pastrnak is hit by Dustin Boyd and loses puck.
Goals for this period are 1 for Canadiens vs 0 for Kings.
Shots for this period are 6 for Canadiens vs 7 for Kings.
3rd period
0:01 of 3rd period - Anze Kopitar wins face-off versus Evgeni Malkin in neutral zone.
0:06 of 3rd period - Slapshot by Oliver Ekman-Larsson.
0:06 of 3rd period - Stopped by Kristers Gudlevskis without a rebound.
0:07 of 3rd period - Anze Kopitar wins face-off versus Tom Wilson in Canadiens zone.
0:08 of 3rd period - Snap shot by Gabriel Landeskog.
0:08 of 3rd period - Shot Misses the Net.
0:26 of 3rd period - Backhand shot by Anze Kopitar.
0:26 of 3rd period - Shot Blocked by Travis Hamonic.
0:38 of 3rd period - Wrist shot by Evgeni Malkin.
0:38 of 3rd period - Deflect By Kyle Okposo.
0:38 of 3rd period - Stopped by Tuukka Rask with a rebound.
0:40 of 3rd period - Snap shot by Chris Kreider.
0:40 of 3rd period - Shot Misses the Net.
0:42 of 3rd period - Wrist shot by Tom Wilson.
0:42 of 3rd period - Shot Blocked by Drew Fata.
0:44 of 3rd period - Wrist shot by Evgeni Malkin.
0:44 of 3rd period - Shot Misses the Net.
0:58 of 3rd period - Snap shot by Evgeni Malkin.
0:58 of 3rd period - Deflect By Chris Kreider.
0:58 of 3rd period - Stopped by Tuukka Rask with a rebound.
1:12 of 3rd period - Wrist shot by Chris Kreider.
1:12 of 3rd period - Stopped by Tuukka Rask with a rebound.
1:14 of 3rd period - Slapshot by Travis Hamonic.
1:14 of 3rd period - Stopped by Tuukka Rask with a rebound.
1:16 of 3rd period - Slapshot by Travis Hamonic.
1:16 of 3rd period - Shot Misses the Net.
1:18 of 3rd period - Wrist shot by Travis Hamonic.
1:18 of 3rd period - Shot Blocked by Gabriel Landeskog.
1:20 of 3rd period - Wrist shot by Chris Kreider.
1:20 of 3rd period - Shot Misses the Net.
1:22 of 3rd period - Slapshot by Bryce Lampman.
1:22 of 3rd period - Deflect By Evgeni Malkin.
1:22 of 3rd period - Shot Blocked by Anze Kopitar.
1:22 of 3rd period - Puck is out of play.
1:23 of 3rd period - Peter Mueller wins face-off versus Dustin Boyd in Kings zone.
1:38 of 3rd period - Snap shot by Mats Zuccarello.
1:38 of 3rd period - Goal by Mats Zuccarello - Canadiens : 3 - Kings : 1.
1:39 of 3rd period - Peter Mueller wins face-off versus Dustin Boyd in neutral zone.
1:50 of 3rd period - Backhand shot by Mats Zuccarello.
1:50 of 3rd period - Shot Blocked by Steve Downie.
3:34 of 3rd period - Snap shot by Brett Maclean.
3:34 of 3rd period - Stopped by Tuukka Rask with a rebound.
3:47 of 3rd period - Off-side.
3:48 of 3rd period - Evgeni Malkin wins face-off versus Peter Mueller in neutral zone.
4:36 of 3rd period - Minor Penalty to Bryce Lampman for Roughing.
4:37 of 3rd period - Gabriel Landeskog wins face-off versus Dave Bolland in Canadiens zone.
4:39 of 3rd period - Wrist shot by Gabriel Landeskog.
4:39 of 3rd period - Shot Misses the Net.
6:03 of 3rd period - Brady Skjei is hit by Peter Mueller and loses puck.
6:36 of 3rd period - Penalty to Bryce Lampman is over, Bryce Lampman is back on ice.
6:42 of 3rd period - Chris Kreider is hit by Mats Zuccarello and loses puck.
8:21 of 3rd period - Tom Wilson is hit by Colton Parayko and loses puck.
9:27 of 3rd period - Snap shot by Greg Stewart.
9:27 of 3rd period - Stopped by Tuukka Rask with a rebound.
11:09 of 3rd period - Snap shot by Gabriel Landeskog.
11:09 of 3rd period - Stopped by Kristers Gudlevskis without a rebound.
11:10 of 3rd period - Lars Eller wins face-off versus Evgeni Malkin in Canadiens zone.
11:15 of 3rd period - Snap shot by Gabriel Landeskog.
11:15 of 3rd period - Shot Misses the Net.
11:21 of 3rd period - Drew Fata is hit by Bryce Lampman and loses puck.
12:07 of 3rd period - Snap shot by Nick Spaling.
12:07 of 3rd period - Deflect By Brett Maclean.
12:07 of 3rd period - Stopped by Tuukka Rask without a rebound.
12:08 of 3rd period - Anze Kopitar wins face-off versus Evgeni Malkin in Kings zone.
12:17 of 3rd period - Wrist shot by Kyle Okposo.
12:17 of 3rd period - Deflect By Anze Kopitar.
12:17 of 3rd period - Shot Misses the Net.
12:17 of 3rd period - Puck is out of play.
12:18 of 3rd period - Anze Kopitar wins face-off versus Evgeni Malkin in Canadiens zone.
12:19 of 3rd period - Wrist shot by Gabriel Landeskog.
12:19 of 3rd period - Shot Misses the Net.
12:21 of 3rd period - Backhand shot by Vitaly Vishnevsky.
12:21 of 3rd period - Goal by Vitaly Vishnevsky - Canadiens : 3 - Kings : 2.
12:22 of 3rd period - Tom Wilson wins face-off versus Anze Kopitar in neutral zone.
13:08 of 3rd period - Oliver Ekman-Larsson is hit by Brady Skjei and loses puck.
13:37 of 3rd period - Slapshot by Brady Skjei.
13:37 of 3rd period - Goal by Brady Skjei - Canadiens : 4 - Kings : 2.
13:38 of 3rd period - Anze Kopitar wins face-off versus Evgeni Malkin in neutral zone.
13:49 of 3rd period - Snap shot by Chris Kreider.
13:49 of 3rd period - Stopped by Tuukka Rask with a rebound.
13:51 of 3rd period - Wrist shot by Evgeni Malkin.
13:51 of 3rd period - Shot Misses the Net.
13:53 of 3rd period - Snap shot by Tom Wilson.
13:53 of 3rd period - Stopped by Tuukka Rask without a rebound.
13:54 of 3rd period - Anze Kopitar wins face-off versus Dustin Boyd in Kings zone.
14:01 of 3rd period - Snap shot by Anze Kopitar.
14:01 of 3rd period - Shot Blocked by Bryce Lampman.
14:03 of 3rd period - Snap shot by Kyle Okposo.
14:03 of 3rd period - Shot Misses the Net.
14:05 of 3rd period - Slapshot by Gabriel Landeskog.
14:05 of 3rd period - Deflect By Anze Kopitar.
14:05 of 3rd period - Shot Misses the Net.
14:05 of 3rd period - Puck is out of play.
14:06 of 3rd period - Anze Kopitar wins face-off versus Evgeni Malkin in Canadiens zone.
14:39 of 3rd period - Brady Skjei is hit by Drew Fata and loses puck.
15:22 of 3rd period - Wrist shot by Anze Kopitar.
15:22 of 3rd period - Stopped by Kristers Gudlevskis without a rebound.
15:23 of 3rd period - Anze Kopitar wins face-off versus Nick Spaling in Canadiens zone.
15:42 of 3rd period - Slapshot by Anze Kopitar.
15:42 of 3rd period - Stopped by Kristers Gudlevskis without a rebound.
15:43 of 3rd period - Nathan MacKinnon wins face-off versus Dave Bolland in Canadiens zone.
15:51 of 3rd period - Off-side.
15:52 of 3rd period - Dave Bolland wins face-off versus Nathan MacKinnon in neutral zone.
16:23 of 3rd period - Minor Penalty to Daniel Carcillo for Interference.
16:24 of 3rd period - Steve Downie wins face-off versus Anze Kopitar in Kings zone.
16:26 of 3rd period - Snap shot by Evgeni Malkin.
16:26 of 3rd period - Shot Hit the Post.
16:28 of 3rd period - Slapshot by Brady Skjei.
16:28 of 3rd period - Stopped by Tuukka Rask with a rebound.
16:30 of 3rd period - Backhand shot by Travis Hamonic.
16:30 of 3rd period - Deflect By Chris Kreider.
16:30 of 3rd period - Shot Blocked by Drew Fata.
16:30 of 3rd period - Puck is out of play.
16:31 of 3rd period - Evgeni Malkin wins face-off versus Anze Kopitar in Kings zone.
18:13 of 3rd period - Tyler Toffoli is hit by Evgeni Malkin and loses puck.
18:23 of 3rd period - Penalty to Daniel Carcillo is over, Daniel Carcillo is back on ice.
18:31 of 3rd period - Minor Penalty to Seth Jones for Diving.
18:32 of 3rd period - Gabriel Landeskog wins face-off versus Dustin Boyd in Kings zone.
18:47 of 3rd period - Minor Penalty to Colton Parayko for Holding.
18:48 of 3rd period - Evgeni Malkin wins face-off versus Anze Kopitar in Kings zone.
18:55 of 3rd period - Wrist shot by Evgeni Malkin.
18:55 of 3rd period - Goal by Evgeni Malkin - Canadiens : 5 - Kings : 2.
18:56 of 3rd period - Evgeni Malkin wins face-off versus Anze Kopitar in neutral zone.
19:07 of 3rd period - Gabriel Landeskog is hit by Travis Hamonic and loses puck.
19:56 of 3rd period - Minor Penalty to Vitaly Vishnevsky for Holding.
19:57 of 3rd period - Evgeni Malkin wins face-off versus Anze Kopitar in Kings zone.
Goals for this period are 2 for Canadiens vs 2 for Kings.
Shots for this period are 12 for Canadiens vs 6 for Kings.